 Dungeon Crawl Stone Soup version 0.19-a0-905-ge5e6a15 (webtiles) character file.

283 Gagarin the Magician (level 6, -4/36 HPs)
             Began as a High Elf Fire Elementalist on July 5, 2016.
             Was a Follower of Vehumet.
             Slain by an orc
             ... wielding a +0 mace
              (8 damage)
             ... on level 3 of the Dungeon.
             The game lasted 00:17:18 (4592 turns).

Gagarin the Magician (High Elf Fire Elementalist)   Turns: 4592, Time: 00:17:19

Health: -4/36      AC:  4    Str:  8    XL:     6   Next: 7%
Magic:  9/14       EV: 13    Int: 26    God:    Vehumet [*.....]
Gold:   262        SH:  0    Dex: 15    Spells: 4 memorised, 7 levels left

rFire  + . .     SeeInvis +     F - +3 dagger "Pefeir" {freeze, Int+3} (curse)
rCold  x . .     Gourm    .     a - +0 robe
rNeg   . . .     Faith    .     (no shield)
rPois  .         Spirit   .     g - +0 helmet
rElec  .         Dismiss  .     (no cloak)
rCorr  .         Reflect  .     j - +0 pair of gloves (curse)
SustAt .         Harm     .     (no boots)
MR     .....                    (no amulet)
Stlth  ++........               B - ring of fire
                                t - ring of see invisible

@: starving, not resistant to hostile enchantments, unstealthy
A: clever 1
a: Renounce Religion


You were on level 3 of the Dungeon.
You worshipped Vehumet.
Vehumet was aware of your devotion.
You were starving.

You visited 1 branch of the dungeon, and saw 4 of its levels.

You collected 262 gold pieces.

Inventory:

Hand Weapons
 k - a +0 dagger
 z - a +0 rapier
 F - the cursed +3 dagger "Pefeir" (weapon) {freeze, Int+3}
   (You found it on level 4 of the Dungeon)

   It has been specially enchanted to freeze those struck by it, causing extra
   injury to most foes and up to half again as much damage against particularly
   susceptible opponents.
   It can also slow down cold-blooded creatures.
   It affects your intelligence (+3).
   It has a curse placed upon it.
Missiles
 i - 77 arrows
 y - 56 stones (quivered)
Armour
 a - a +0 robe (worn)
 g - a +0 helmet (worn)
 j - a cursed +0 pair of gloves (worn)
Jewellery
 t - a ring of see invisible (left hand)
 B - a ring of fire (right hand)
Wands
 q - a wand of acid (6/15)
Scrolls
 e - 7 scrolls of identify
 h - a scroll of recharging {unknown}
 n - 2 scrolls of teleportation
 p - a scroll of amnesia {unknown}
 C - 3 scrolls of magic mapping
 E - 3 scrolls of fear {unknown}
 G - a scroll of random uselessness {unknown}
Potions
 f - a potion of berserk rage {unknown}
 l - a potion of beneficial mutation
 m - 2 potions of heal wounds {unknown}
 o - a potion of curing {unknown}
 r - a potion of flight {unknown}
 u - a potion of degeneration {unknown}
 v - a potion of cancellation {unknown}
 A - a potion of resistance {unknown}
 D - a potion of agility {unknown}
Books
 b - a book of Flames

   Spells                             Type                      Level
   a - Flame Tongue                   Conjuration/Fire             1
   b - Throw Flame                    Conjuration/Fire             2
   c - Conjure Flame                  Conjuration/Fire             3
   d - Inner Flame                    Hexes/Fire                   3
   e - Sticky Flame                   Conjuration/Fire             4
   f - Fireball                       Conjuration/Fire             5
 w - a book of the Tempests

   Spells                             Type                      Level
   a - Static Discharge               Conjuration/Air              3
   b - Lightning Bolt                 Conjuration/Air              5
   c - Fireball                       Conjuration/Fire             5
   d - Tornado                        Air                          9
   e - Shatter                        Earth                        9
Comestibles
 c - 5 bread rations
 d - 2 meat rations
 s - 2 fruits
 x - 4 slices of pizza


   Skills:
 + Level 0.2 Fighting
 + Level 0.5 Short Blades
 + Level 3.1 Dodging
 + Level 3.1 Stealth
 + Level 4.9 Spellcasting
 + Level 2.0 Conjurations
 + Level 4.0 Fire Magic
 + Level 0.8 Earth Magic


You had 7 spell levels left.
You knew the following spells:

 Your Spells              Type           Power        Failure   Level  Hunger
a - Flame Tongue          Conj/Fire      ####.        2%          1    None
b - Throw Flame           Conj/Fire      ####..       3%          2    None
c - Conjure Flame         Conj/Fire      ####....     10%         3    ##.....
d - Sandblast             Erth           ##....       6%          1    None


Dungeon Overview and Level Annotations

Branches:
Dungeon (4/15)
 Temple: D:4-7

Altars:
Dithmenos
Nemelex Xobeh
Trog
Vehumet

Annotations:
D:4 Pikel


Innate Abilities, Weirdness & Mutations

Your mind is acute. (Int +2)


Message History

There is a stone staircase leading down here.
You don't have the energy to cast that spell.
You don't have the energy to cast that spell.
You don't have the energy to cast that spell.
Okay, then.
You hit the orc but do no damage. The orc hits you with a mace.
You hit the orc but do no damage. The orc hits you with a mace!
* * * LOW HITPOINT WARNING * * *
You barely miss the orc. You hit the orc. You freeze the orc.
The orc is severely wounded.
The orc barely misses you.
You closely miss the orc.
The orc is heavily wounded.
The orc hits you with a mace.
* * * LOW HITPOINT WARNING * * *
It was a potion of beneficial mutation.
You feel clever.
You feel fantastic! The orc hits you with a mace!
You die...

<.#.# #.# ..#.##### #.#
....#...#####.#
..#.#..[#.....####
###.#...#.#......#
#.......#......#
###.....#......#############
#####.....#......#...........#
..........#.....@#.#######.#####
#.######..#.....o..............#
#.#.....⌠.⌠......#.#######.#.###
..#.###.._..######.# #.#.#
..#.....⌠.⌠........# #.#.#
..####..#.########## #.#.#
........#.# #.#.#
.##....##.################.#.#
###.#...#.#................#.#


You could see an orc.

Vanquished Creatures
  2 scorpions (D:4)
  An orc priest (D:3)
  A worker ant (D:4)
  3 adders (D:2)
  An ooze (D:3)
  An adder skeleton (D:4)
  2 worms (D:2)
  A dart slug (D:3)
  3 giant geckos
  4 orcs (D:3)
  3 bats (D:1)
  3 giant cockroaches
  11 goblins
  11 hobgoblins
  7 jackals
  A quokka (D:2)
  7 giant newts
  4 kobolds
  11 rats
77 creatures vanquished.

Notes
Turn   | Place    | Note
-------+----------+-------------------------------------------
     0 | D:1      | Gagarin the High Elf Fire Elementalist began the quest for the Orb.
     0 | D:1      | Reached XP level 1. HP: 11/11 MP: 4/4
   367 | D:1      | Reached XP level 2. HP: 17/17 MP: 1/6
   516 | D:1      | Learned a level 2 spell: Throw Flame
  1234 | D:1      | Reached XP level 3. HP: 18/21 MP: 0/8
  1306 | D:1      | Learned a level 3 spell: Conjure Flame
  1673 | D:2      | Found a radiant altar of Vehumet.
  1681 | D:2      | Became a worshipper of Vehumet
  1838 | D:2      | Reached XP level 4. HP: 27/27 MP: 0/10
  2113 | D:2      | Found a bloodstained altar of Trog.
  2666 | D:3      | Found a sparkling altar of Nemelex Xobeh.
  2698 | D:3      | Found a shadowy altar of Dithmenos.
  2984 | D:3      | Reached * piety under Vehumet
  2984 | D:3      | Offered knowledge of Sandblast by Vehumet.
  2997 | D:3      | Learned a level 1 spell: Sandblast
  3253 | D:3      | Reached XP level 5. HP: 31/31 MP: 2/12
  4192 | D:4      | Reached XP level 6. HP: 15/36 MP: 4/14
  4448 | D:4      | Got a smoking dagger
  4553 | D:4      | Noticed a slave
  4553 | D:4      | Noticed a slave
  4554 | D:4      | Noticed Pikel
  4554 | D:4      | Noticed a slave
  4554 | D:4      | Noticed a slave
  4554 | D:4      | Identified the cursed +3 dagger "Pefeir" {freeze, Int+3} (You found it on level 4 of the Dungeon)
  4592 | D:3      | Gained mutation: Your mind is acute. (Int +2) [potion of beneficial mutation]
  4592 | D:3      | Slain by an orc

Vault maps used:
D:1:      lemuel_arrival_funnel, minmay_lizard_king
D:2:      lemuel_coloured_pillars_altar, bloody_trog, kennysheep_crisscross
D:3:      nemelex_xobeh_ov_fountains_minmay, grunt_dithmenos_smoke
D:4:      kennysheep_okawaru_gauntlet, uniq_pikel

Skill      XL: |  1  2  3  4  5 |
---------------+----------------+-----
Spellcasting   | 3 4 |  4.9
Stealth        | 3 |  3.1
Fire Magic     | 4 |  4.0
Dodging        | 3 |  3.1
Conjurations   | 2 |  2.0
Fighting       | |  0.2
Short Blades   | |  0.5
Earth Magic    | |  0.8

Action                   |  1- 3 |  4- 6 || total
-------------------------+-------+-------++-------
Melee: Unarmed           |     1 |       ||     1
       Dagger            |    12 |    15 ||    27
       Rapier            |       |     5 ||     5
 Cast: Flame Tongue      |    40 |    51 ||    91
       Throw Flame       |    25 |    23 ||    48
       Conjure Flame     |       |     2 ||     2
       Sandblast         |       |    15 ||    15
Evoke: Wand              |       |     1 ||     1
  Use: Scroll            |     1 |     4 ||     5
       Potion            |       |     1 ||     1
  Eat: Chunk             |     3 |     8 ||    11
Armor: Robe              |     4 |    15 ||    19
Dodge: Dodged            |    15 |    50 ||    65
